 Dungeon Crawl Stone Soup version 0.19-a0-1162-g527d089 (webtiles) character file.

107 KarasuTengu the Cudgeler (level 4, 0/26 HPs)
             Began as a Tengu Wanderer on Aug 14, 2016.
             Slain by a gnoll
             ... wielding a +1 whip of electrocution
              (2 damage)
             ... on level 3 of the Dungeon.
             The game lasted 00:10:31 (3369 turns).

KarasuTengu the Cudgeler (Tengu Wanderer)           Turns: 3369, Time: 00:10:32

Health: 0/26       AC:  2    Str: 13    XL:     4   Next: 86%
Magic:  6/6        EV: 16    Int: 16    God:
Gold:   104        SH:  0    Dex: 17    Spells: 2 memorised, 1 level left

rFire  + . .     SeeInvis .     u - +0 whip (freeze)
rCold  . . .     Gourm    .     d - +0 robe
rNeg   . . .     Faith    .     (no shield)
rPois  .         Spirit   .     (helmet restricted)
rElec  .         Dismiss  +     (no cloak)
rCorr  .         Reflect  .     (no gloves)
MR     .....     Harm     .     (boots unavailable)
Stlth  +++....... Clarity  +    k - amulet of dismissal
                                (no ring)
                                v - ring of protection from fire

@: agile, very slightly contaminated, hasted, very quick
A: beak, horns 1, talons 3, clarity, clever 1
a: no special abilities


You were on level 3 of the Dungeon.
You were not hungry.

You visited 1 branch of the dungeon, and saw 3 of its levels.

You collected 104 gold pieces.

Inventory:

Hand Weapons
 u - a +0 whip of freezing (weapon)
Armour
 d - a +0 robe (worn)
 m - a cursed +0 ring mail
Jewellery
 k - an amulet of dismissal (around neck)
 v - a ring of protection from fire (left hand)
Wands
 c - a wand of random effects (15/48)
Scrolls
 e - a scroll of magic mapping {unknown}
 g - 2 scrolls of recharging {unknown}
 j - 4 scrolls of teleportation {unknown}
 n - 5 scrolls of remove curse
 o - 2 scrolls of identify {unknown}
 q - a scroll of enchant weapon {unknown}
 t - a scroll of fear {unknown}
 y - a scroll of amnesia {unknown}
Potions
 i - a potion of curing {unknown}
 p - a potion of cancellation {unknown}
 w - a potion of lignification {unknown}
Books
 a - a book of Air

   Spells                             Type                      Level
   a - Shock                          Conjuration/Air              1
   b - Swiftness                      Charms/Air                   2
   c - Repel Missiles                 Charms/Air                   2
   d - Static Discharge               Conjuration/Air              3
   e - Lightning Bolt                 Conjuration/Air              5
 b - Zew Bievi's Papyrus of Confrontation

   Spells                             Type                      Level
   a - Sting                          Conjuration/Poison           1
   b - Conjure Flame                  Conjuration/Fire             3
Comestibles
 f - 4 bread rations
 l - a beef jerky
 r - 4 meat rations
 s - a slice of pizza
 A - 2 chunks of flesh


   Skills:
 + Level 2.1 Fighting
 * Level 3.4 Maces & Flails
   Level 3.2 Crossbows
 - Level 2.1 Armour
   Level 1.0 Shields
 - Level 1.0 Spellcasting
 + Level 3.3 Air Magic
 - Level 1.0 Evocations


You had one spell level left.
You knew the following spells:

 Your Spells              Type           Power        Failure   Level  Hunger
a - Swiftness             Chrm/Air       #.......     21%         2    ###....
b - Repel Missiles        Chrm/Air       #.....       21%         2    ###....


Dungeon Overview and Level Annotations

Branches:
Dungeon (3/15)

Altars:
Qazlal


Innate Abilities, Weirdness & Mutations

You have a beak for a mouth.
You have claws for feet.
You have a pair of small horns on your head.
You possess an exceptional clarity of mind.
Your mind is acute. (Int +2)


Message History

The gnoll hits you with a whip of electrocution!
You are electrocuted!
Ouch! That really hurt!
* * * LOW HITPOINT WARNING * * *
Okay, then.
The gnoll shouts!
Okay, then.
It was a potion of agility.
You feel agile all of a sudden. The gnoll closely misses you.
An orc comes into view. It is wielding a club.
The orc shouts!
It was a potion of haste.
You feel yourself speed up. The gnoll completely misses you.
You are very lightly contaminated with residual magic.
It was a potion of mutation.
You feel extremely strange.
Your thoughts seem clearer.
A pair of horns grows on your head!
You feel clever.
The gnoll hits you with a whip of electrocution.
You die...

......##.#
..r...#..#############
.....................(
####.....(.....###
#o#.#######.# ####
#.#.# #.# #.). #.#.#
#.# #.## #g#.# #.###.#
#@#.# #.....# #g#l#
####### #r#r# #l#.#
#.#.# #g#g# #.#.#
#...# #####


You could see 3 gnolls, an orc, a giant gecko and a rat.

Vanquished Creatures
  An orc priest (D:3)
  2 adders (D:2)
  A worm (D:2)
  2 dart slugs
  2 giant geckos
  9 bats
  5 giant cockroaches
  7 goblins
  4 hobgoblins
  A ball python (D:1)
  4 giant newts
  6 kobolds
  8 rats
52 creatures vanquished.

Notes
Turn   | Place    | Note
-------+----------+-------------------------------------------
     0 | D:1      | KarasuTengu the Tengu Wanderer began the quest for the Orb.
     0 | D:1      | KarasuTengu set off with: a book of Air, Zew Bievi's Papyrus of Confrontation, a wand of random effects (15/48), a +0 robe, a +0 club, a bread ration
     0 | D:1      | Reached XP level 1. HP: 10/10 MP: 3/3
     0 | D:1      | Identified Zew Bievi's Papyrus of Confrontation
   274 | D:1      | Reached skill level 1 in Maces & Flails
   315 | D:1      | Reached XP level 2. HP: 9/15 MP: 4/4
   319 | D:1      | Learned a level 2 spell: Swiftness
  1205 | D:1      | Reached skill level 1 in Fighting
  1449 | D:2      | Reached XP level 3. HP: 20/20 MP: 5/5
  1453 | D:2      | Learned a level 2 spell: Repel Missiles
  2452 | D:2      | Reached XP level 4. HP: 18/26 MP: 6/6
  2659 | D:2      | Found a stormy altar of Qazlal.
  3361 | D:3      | HP: 1/26 [gnoll/whip of electrocution (17)]
  3369 | D:3      | Gained mutation: You possess an exceptional clarity of mind. [potion of mutation]
  3369 | D:3      | Gained mutation: You have a pair of small horns on your head. [potion of mutation]
  3369 | D:3      | Gained mutation: Your mind is acute. (Int +2) [potion of mutation]
  3369 | D:3      | Slain by a gnoll

Vault maps used:
D:1:      dpeg_arrival_boxes_within_box
D:2:      grunt_qazlal_sundering, first_bread, minmay_bisected

Skill      XL: |  1  2  3  4 |
---------------+-------------+-----
Maces & Flails | 1 2 3 |  3.4
Fighting       | 1 2 |  2.1
Air Magic      | 3 |  3.3
Crossbows      | |  3.2
Armour         | |  2.1
Shields        | |  1.0
Spellcasting   | |  1.0
Evocations     | |  1.0

Action                   |  1- 3 |  4- 6 || total
-------------------------+-------+-------++-------
Melee: Spear             |    82 |       ||    82
       Kick              |    17 |     7 ||    24
       Club              |     4 |       ||     4
       Peck              |    11 |     3 ||    14
       Whip              |    44 |    37 ||    81
  Use: Potion            |       |     3 ||     3
       Scroll            |       |     1 ||     1
 Stab: Sleeping          |     1 |     2 ||     3
  Eat: Chunk             |     5 |     3 ||     8
Armor: Robe              |    19 |     8 ||    27
Dodge: Dodged            |    67 |    24 ||    91
